 Dungeon Crawl Stone Soup version 0.17-a0-1760-ga6756ae (webtiles) character file.

128 poirepourri the Firebug (level 4, -4/24 HPs)
             Began as a Deep Elf Fire Elementalist on Sept 3, 2015.
             Shot with an arrow by a centaur (10 damage)
             ... on level 4 of the Dungeon.
             The game lasted 00:04:53 (1978 turns).

poirepourri the Firebug (DEFE)                      Turns: 1978, Time: 00:04:53

Health: -4/24      AC:  5    Str:  5    XL:     4   Next: 87%
Magic:  3/12       EV: 13    Int: 21    God:
Gold:   54         SH:  0    Dex: 15    Spells: 3 memorised, 5 levels left

rFire  . . .     SeeInvis +     l - +1 short sword
rCold  . . .     Clarity  .     a - +0 robe
rNeg   . . .     SustAt   .     (no shield)
rPois  .         Gourm    .     m - +1 helmet
rElec  .         Spirit   .     (no cloak)
rCorr  .         Warding  .     k - +0 pair of gloves
rMut   .         Stasis   .     (no boots)
MR     .....                    (no amulet)
Stlth  ++........               (no ring)
                                e - ring of see invisible

@: not resistant to hostile enchantments, unstealthy
A: no striking features
a: no special abilities


You were on level 4 of the Dungeon.
You were not hungry.

You visited 1 branch of the dungeon, and saw 4 of its levels.

You collected 54 gold pieces.

Inventory:

Hand weapons
 l - a +1 short sword (weapon)
Armour
 a - a +0 robe (worn)
 k - a +0 pair of gloves (worn)
 m - a +1 helmet (worn)
Jewellery
 e - a ring of see invisible (left hand)
Scrolls
 h - a scroll of identify
 i - 3 scrolls of remove curse
Potions
 c - a potion of magic {unknown}
Books
 b - a book of Flames

   Spells                             Type                      Level
   a - Flame Tongue                   Conjuration/Fire             1
   b - Throw Flame                    Conjuration/Fire             2
   c - Conjure Flame                  Conjuration/Fire             3
   d - Inner Flame                    Hexes/Fire                   3
   e - Sticky Flame                   Conjuration/Fire             4
   f - Fireball                       Conjuration/Fire             5
Comestibles
 d - 6 fruits
 j - a beef jerky


   Skills:
 + Level 3.0 Dodging
 + Level 2.7 Stealth
 + Level 4.3 Spellcasting
 + Level 2.2 Conjurations
 + Level 4.7 Fire Magic


You had 5 spell levels left.
You knew the following spells:

 Your Spells              Type           Power        Failure   Level  Hunger
a - Flame Tongue          Conj/Fire      ###..        2%          1    None
b - Throw Flame           Conj/Fire      ###...       4%          2    #......
c - Conjure Flame         Conj/Fire      ###.....     10%         3    ##.....


Dungeon Overview and Level Annotations

Branches:
Dungeon (4/15)
 Temple: D:4-7

Altars:
Fedhas
Kikubaaqudgha
Xom
Zin

Annotations:
D:3 poirepourri's ghost, average DEFE


Message History

The centaur shouts!
The centaur moves out of view.
The orc moves out of view.
You see here a robe.
The orc throws a tomahawk.
The tomahawk hits you but does no damage.
You see here a tomahawk.
Found 9 arrows.
The orc throws a tomahawk.
The tomahawk hits you but does no damage.
You see here a tomahawk.
Casting: Flame Tongue
Confirm with . or Enter, or press ? or * to list all spells.
Aiming: Throw Flame
Press: ? - help, Shift-Dir - straight line, f - orc
Aim: an orc, wielding a dagger The puff of flame hits the orc.
You kill the orc!
Your Dodging skill increases to level 3!
The centaur wields a shortbow.
The centaur shoots an arrow.
The arrow hits you!
You die...

## #.. . ..#.# . #.
#.#.# .( #..
#.#.###.# ....
....... ...$. ....
#...[c######.#######
#...s)<[.(.@.......
##.....(....#######
############


You could see a centaur and a scorpion.

Vanquished Creatures
  Ijyb (D:2)
  Jessica (D:3)
  A gnoll (D:1)
  2 adders
  3 orcs
  8 bats (D:1)
  3 hobgoblins
  2 jackals (D:1)
  10 kobolds
  A ball python (D:1)
  A giant gecko (D:2)
  2 giant newts (D:1)
  4 goblins
  5 rats
44 creatures vanquished.

Notes
Turn   | Place    | Note
--------------------------------------------------------------
     0 | D:1      | poirepourri the Deep Elf Fire Elementalist began the quest for the Orb.
     0 | D:1      | Reached XP level 1. HP: 10/10 MP: 6/6
    81 | D:1      | Reached XP level 2. HP: 10/15 MP: 0/8
   280 | D:1      | Reached skill level 4 in Fire Magic
   761 | D:1      | Reached XP level 3. HP: 16/19 MP: 5/10
   833 | D:1      | Learned a level 2 spell: Throw Flame
   837 | D:1      | Learned a level 3 spell: Conjure Flame
  1210 | D:2      | Found a glowing silver altar of Zin.
  1270 | D:2      | Noticed Ijyb
  1281 | D:2      | Killed Ijyb
  1281 | D:2      | Reached XP level 4. HP: 18/24 MP: 0/12
  1556 | D:2      | Found a blossoming altar of Fedhas.
  1584 | D:2      | Found an ancient bone altar of Kikubaaqudgha.
  1733 | D:2      | Found a shimmering altar of Xom.
  1742 | D:2      | Found a shimmering altar of Xom.
  1742 | D:2      | Found a shimmering altar of Xom.
  1742 | D:2      | Found a shimmering altar of Xom.
  1759 | D:2      | You fall through a shaft!
  1759 | D:3      | Noticed Jessica
  1763 | D:3      | Killed Jessica
  1792 | D:3      | Noticed poirepourri's ghost (average DEFE)
  1972 | D:4      | Noticed a centaur
  1978 | D:4      | Shot with an arrow by a centaur

Vault maps used:
D:1:      tarquinn_simple_flora_water_f
D:2:      lemuel_doored_altar, xom_redecorated, grunt_temple_overflow_open,
          kennysheep_generic_room_14, uniq_iyjb
D:3:      old_standard_altar, tgw_trog, first_bread, uniq_jessica
D:4:      lemuel_coloured_pillars_altar, kennysheep_mini_moat,
          minmay_temple_entry_enclosed_plants, uniq_duvessa, uniq_blork_the_orc

Action                   |  1- 3 |  4- 6 || total
-------------------------+-------+-------++-------
Melee: Unarmed           |     3 |       ||     3
       Short sword       |       |     4 ||     4
 Cast: Flame Tongue      |    43 |     9 ||    52
       Throw Flame       |     8 |    19 ||    27
  Use: Scroll            |     3 |     4 ||     7
       Potion            |     3 |       ||     3
  Eat: Fruit             |     1 |       ||     1
       Bread ration      |       |     1 ||     1
